 Dungeon Crawl Stone Soup version 0.26.1-11-gd32895ea62 (webtiles) character file.

Game seed: 10138790202565853070

4197 Ijustatesigmund the Basher (level 10, 0/73 HPs)
             Began as an Octopode Fighter on July 12, 2021.
             Was a Follower of Cheibriados.
             Slain by a two-headed ogre
             ... wielding a +0 giant club
              (9 damage)
             ... on level 9 of the Dungeon.
             The game lasted 00:15:31 (10816 turns).

Ijustatesigmund the Basher (Octopode Fighter)      Turns: 10816, Time: 00:15:32

Health: 0/73       AC:  1    Str: 20    XL:     10   Next: 29%
Magic:  12/12      EV: 14    Int: 14    God:    Cheibriados [*.....]
Gold:   501        SH: 13    Dex: 16    Spells: 9/9 levels left

rFire    . . .     SeeInvis .   u - +4 flail (holy)
rCold    . . .     Faith    .   b - +3 kite shield
rNeg     . . .     Spirit   .   (helmet restricted)
rPois    .         Reflect  .   (no amulet)
rElec    .         Harm     .   h - ring of resist corrosion
rCorr    +         Rampage  .   (no ring)
Will     .....                  (no ring)
Stlth    ++++......             (no ring)
HPRegen  0.22/turn              (no ring)
MPRegen  0.13/turn              (no ring)
                                (no ring)
                                (no ring)

@: very slow
A: almost no armour, stealthy swim, amphibious, 8 rings, constrict 8, camouflage
1, gelatinous body 1
a: Renounce Religion, Bend Time


You were on level 9 of the Dungeon.
You worshipped Cheibriados.
Cheibriados was aware of your devotion.
You visited 2 branches of the dungeon, and saw 10 of its levels.
You also visited: Ossuary.

You collected 572 gold pieces.
You spent 71 gold pieces at shops.

Inventory:

Hand Weapons
 a - a +0 morningstar
 u - a +4 flail of holy wrath (weapon)
Missiles
 C - 6 curare-tipped darts (quivered)
Armour
 b - a +3 kite shield (worn)
Jewellery
 h - a ring of resist corrosion (left tentacle)
Wands
 e - a wand of flame (26)
 l - a wand of polymorph (5)
 y - a wand of paralysis (9)
 z - a wand of digging (5)
Scrolls
 f - 2 scrolls of immolation
 j - a scroll of fear
 k - 3 scrolls of teleportation
 o - 6 scrolls of remove curse
 w - 2 scrolls of amnesia
 x - a scroll of blinking
Potions
 c - a potion of might
 d - 3 potions of brilliance
 g - 3 potions of curing
 i - 3 potions of ambrosia
 m - 2 potions of flight
 p - a potion of attraction
 q - a potion of resistance
 r - 2 potions of mutation {unknown}
 s - 3 potions of haste {unknown}
 t - a potion of invisibility {unknown}
 v - 2 potions of lignification {unknown}


   Skills:
 + Level 8.4 Fighting
 + Level 9.2 Maces & Flails
 - Level 5.1 Dodging
 - Level 5.0 Stealth
 - Level 5.1 Shields
 + Level 3.6 Invocations
 - Level 3.7 Evocations


You had 9 spell levels left.
You didn't know any spells.
Your spell library contained the following spells:

 Spells                   Type           Power        Failure   Level
 Foxfire                  Conj/Fire      0%           71%         1
 Conjure Flame            Conj/Fire      0%           97%         3
 Inner Flame              Hex/Fire       0%           97%         3
 Sticky Flame             Conj/Fire      0%           100%        4
 Fireball                 Conj/Fire      0%           100%        5


Dungeon Overview and Level Annotations

Branches:
Dungeon (9/15)             Temple (1/1) D:4         Ossuary (visited)
   Lair: D:8-11         Orc: D:9-12

Altars:
Ashenzari
Cheibriados
Dithmenos
Elyvilon
Fedhas
Gozag
Hepliaklqana
Kikubaaqudgha
Makhleb
Nemelex Xobeh
Okawaru
Qazlal
Ru
Sif Muna
Trog
Uskayaw
Vehumet
Wu Jian
Xom
Yredelemnul
Zin
The Shining One

Shops:
D:5 ?   D:6 ?   D:9 ?


Innate Abilities, Weirdness & Mutations

You cannot wear most types of armour.
You are very stealthy in the water. (Stealth+)
You are amphibious.
You can wear up to eight rings at the same time.
You can use your tentacles to constrict eight enemies at once.
Your skin changes colour to match your surroundings (Stealth+).
Your rubbery body absorbs attacks. (AC +1, EV +1)


Message History

You are too injured to fight recklessly!
You are too injured to fight recklessly!
You are too injured to fight recklessly!
You are too injured to fight recklessly!
You are too injured to fight recklessly!
You are too injured to fight recklessly!
You are too injured to fight recklessly!
You are too injured to fight recklessly!
You are too injured to fight recklessly!
You are too injured to fight recklessly!
You are too injured to fight recklessly!
You are too injured to fight recklessly!
You are too injured to fight recklessly!
You are too injured to fight recklessly!
You sock the two-headed ogre! You squeeze the two-headed ogre.
The two-headed ogre is severely wounded.
The two-headed ogre hits you with a +0 giant club!!
* * * LOW HITPOINT WARNING * * *
The two-headed ogre hits you with a +0 giant spiked club!
You die...

..............###............
.............## ##....####.#.
..............###....##
....#...>......#.....#
...###...............## ..##
##...............##
...###..................
..).#........)..........
................@.......
.................O....##
.......................#
..........###.........#.
.........## ##..........
.........# #......#..#
.........## #......#...
..........#######..#. ##
..).........# .##


You could see a two-headed ogre.

Vanquished Creatures
  Joseph (D:7)
  A troll (D:9)
  3 ice beasts
  3 orc warriors
  2 sky beasts
  A phantom (D:6)
  An ogre (D:8)
  3 centaurs
  An elf zombie (Ossuary)
  3 bullfrogs
  2 gnoll sergeants (D:9)
  A scorpion (D:7)
  5 wights (D:6)
  A howler monkey (D:5)
  2 centaur zombies (Ossuary)
  2 gnoll shamans (D:9)
  3 human zombies (Ossuary)
  2 jellies (D:6)
  2 bullfrog skeletons
  5 orc priests
  A centaur skeleton (D:9)
  9 hounds
  4 iguanas
  7 orc wizards
  7 worker ants
  2 big kobold zombies (Ossuary)
  2 hound skeletons
  A hound zombie (Ossuary)
  3 mummies (Ossuary)
  2 worker ant zombies
  15 adders
  14 gnolls (D:9)
  A shadow imp (D:6)
  3 white imps
  5 ufetubi
  An adder zombie (D:8)
  An adder skeleton (D:9)
  6 worms
  5 leopard geckos
  29 orcs
  3 giant cockroaches
  A gnoll zombie (Ossuary)
  6 hobgoblins
  4 jackals (D:9)
  7 quokkas
  A ball python (D:2)
  10 bats
  6 frilled lizards
  4 goblins
  A goblin zombie (Ossuary)
  5 hobgoblin zombies (Ossuary)
  A jackal skeleton (D:4)
  4 jackal zombies (Ossuary)
  5 kobolds
  4 kobold zombies (Ossuary)
  A leopard gecko zombie (D:5)
  An orc zombie (Ossuary)
  2 quokka zombies (Ossuary)
  9 rats
  6 rat zombies (Ossuary)
243 creatures vanquished.

Vanquished Creatures (others)
  A frilled lizard (D:3)
  11 fungi (D:5)
  11 plants
23 creatures vanquished.

Grand Total: 266 creatures vanquished

Notes
Turn   | Place    | Note
-------+----------+-------------------------------------------
     0 | D:1      | Ijustatesigmund the Octopode Fighter began the quest for
                  | the Orb.
     0 | D:1      | Reached XP level 1. HP: 16/16 MP: 1/1
   401 | D:1      | Reached XP level 2. HP: 20/21 MP: 2/2
   931 | D:2      | Reached skill level 3 in Maces & Flails
   931 | D:2      | Reached XP level 3. HP: 7/26 MP: 3/3
  1268 | D:2      | Reached XP level 4. HP: 29/33 MP: 4/4
  1831 | D:2      | Reached skill level 4 in Maces & Flails
  2001 | D:3      | Reached XP level 5. HP: 20/37 MP: 5/5
  2405 | D:2      | Reached skill level 5 in Maces & Flails
  2461 | D:3      | Reached XP level 6. HP: 30/44 MP: 6/6
  3226 | D:4      | Found an ornate altar of the Wu Jian Council.
  3568 | D:4      | Found a staircase to the Ecumenical Temple.
  3604 | D:4      | Reached skill level 5 in Fighting
  3604 | D:4      | Reached skill level 6 in Maces & Flails
  3604 | D:4      | Reached XP level 7. HP: 41/50 MP: 7/7
  4049 | D:5      | Entered Level 5 of the Dungeon
  4643 | D:5      | Found a shimmering altar of Xom.
  4755 | D:5      | Found Rietafu's Magic Scroll Emporium.
  4764 | D:5      | Bought a scroll of fear for 38 gold pieces
  4764 | D:5      | Bought a scroll of teleportation for 33 gold pieces
  5057 | D:5      | Found a glowing golden altar of the Shining One.
  5102 | D:6      | Found Emukhlafe's Magic Scroll Shop.
  5234 | D:6      | Found a sand-covered staircase.
  5239 | Ossuary  | Entered an ossuary
  5311 | Ossuary  | Reached XP level 8. HP: 53/56 MP: 8/8
  5580 | Ossuary  | Reached skill level 7 in Maces & Flails
  5800 | D:6      | Found a basalt altar of Yredelemnul.
  5899 | D:6      | Found a stormy altar of Qazlal.
  6130 | D:6      | Found a broken altar of Ashenzari.
  6786 | D:6      | Reached skill level 5 in Dodging
  6786 | D:6      | Reached skill level 5 in Shields
  6918 | D:6      | Reached XP level 9. HP: 55/63 MP: 9/9
  6966 | D:6      | Found a radiant altar of Vehumet.
  7248 | D:7      | Reached skill level 1 in Stealth
  7251 | D:7      | Reached skill level 1 in Evocations
  7496 | D:7      | Noticed Joseph
  7506 | D:7      | Killed Joseph
  7507 | D:7      | Reached skill level 8 in Maces & Flails
  7632 | D:7      | Found a sparkling altar of Nemelex Xobeh.
  8032 | D:7      | Found a hazy altar of Hepliaklqana.
  8299 | Temple   | Entered the Ecumenical Temple
  8600 | D:8      | Found an opulent altar of Gozag.
  8728 | D:8      | Found a hide-covered altar of Uskayaw.
  9109 | D:8      | Reached skill level 5 in Stealth
  9268 | D:8      | Found a snail-covered altar of Cheibriados.
  9286 | D:8      | Became a worshipper of Cheibriados the Contemplative
  9329 | D:9      | Found Ocueh's Magic Scroll Boutique.
  9403 | D:9      | Noticed a troll
  9414 | D:9      | HP: 2/64 [troll (14)]
  9749 | D:9      | Killed a troll
  9750 | D:9      | Reached skill level 1 in Invocations
  9750 | D:9      | Reached XP level 10. HP: 72/72 MP: 9/11
  9901 | D:9      | Reached * piety under Cheibriados
  9925 | D:9      | Reached skill level 9 in Maces & Flails
 10805 | D:9      | Noticed a two-headed ogre
 10816 | D:9      | Slain by a two-headed ogre

Illustrated notes

Levels and vault maps discovered:
D:1:      dpeg_arrival_more_subterranean_lakeside_camping, layout_loops_ring,
          serial_forest, infiniplex_forest_straight_5,
          infiniplex_forest_clump_diagonal, infiniplex_forest_end_2,
          infiniplex_forest_zigzag_2, infiniplex_forest_clump_cross,
          infiniplex_forest_diagonal, infiniplex_forest_clump_small
D:2:      layout_rooms
D:3:      layout_basic
D:4:      layout_rooms, kennysheep_mini_moat, minmay_temple_entry_gardened_gates
D:5:      layout_basic, tso_oasis_becter, serial_shops, nicolae_shop_crystal,
          serial_aquarium, aquarium_bridge_square [aquarium_subvault_wall,
          aquarium_subvault_bridge, aquarium_subvault_bridge,
          aquarium_subvault_bridge], aquarium_window_1, aquarium_window_1,
          aquarium_window_corner, aquarium_view_2e, aquarium_balcony_3a,
          aquarium_pool_2, tgw_xom
D:6:      layout_loops_cross, lemuel_coloured_pillars_altar, old_standard_altar,
          kennysheep_little_box, nicolae_ashenzari_panopticon, serial_shops,
          shop, nicolae_ossuary_entry_false_entrances
D:7:      layout_gridville, kennysheep_mini, old_standard_altar,
          kennysheep_generic_room_11, uniq_joseph
D:8:      layout_cave_pools, cheibrodos_worm_habitat, overflow_temple_1_default,
          pf_just_have_faith
D:9:      layout_big_octagon, gammafunk_ghost_smash, serial_gnoll_camp,
          gnoll_camp_medium_02, gnoll_camp_mini_hut, gnoll_camp_huts_basic,
          gnoll_camp_mini_shop, gnoll_camp_medium_01, uniq_erica
Temple:   hc_temple_tempest_star

Skill      XL: |  1  2  3  4  5  6  7  8  9 10 |
---------------+-------------------------------+-----
Maces & Flails | 3 4 5 6 7 8 9 |  9.2
Fighting       | 4 5 6 7 8 |  8.4
Dodging        | 5 |  5.1
Shields        | 5 |  5.1
Stealth        | 5 |  5.0
Evocations     | 3 |  3.7
Invocations    | 1 3 |  3.6

Action                   |  1- 3 |  4- 6 |  7- 9 | 10-12 || total
-------------------------+-------+-------+-------+-------++-------
Melee: Flail             |    67 |    27 |   313 |    76 ||   483
       Constrict         |    20 |    25 |    65 |    18 ||   128
       Tentacles         |     8 |    10 |    69 |    26 ||   113
       Morningstar       |       |    73 |       |       ||    73
Throw: Dart              |       |       |     5 |     5 ||    10
Evoke: Wand              |       |     2 |       |       ||     2
  Use: Scroll            |     2 |     5 |    18 |     2 ||    27
       Potion            |     1 |       |     3 |     1 ||     5
 Stab: Sleeping          |     4 |     6 |    14 |       ||    24
       Distracted        |       |       |     1 |     2 ||     3
Armor: Skin              |     2 |     6 |     5 |     4 ||    17
Dodge: Dodged            |    30 |    40 |   114 |    35 ||   219
Block: Kite shield       |    23 |    41 |   131 |    51 ||   246
